 Dungeon Crawl Stone Soup version 0.27-a0-1202-ge72e49191c (webtiles) character file.

Game seed: 6512316826241522155

188 tilp the Caller (level 5, -3/41 HPs)
             Began as a Barachi Summoner on June 2, 2021.
             Succumbed to a water moccasin's poison
             ... on level 4 of the Dungeon.
             The game lasted 00:05:53 (5086 turns).

tilp the Caller (Barachi Summoner)                  Turns: 5086, Time: 00:05:53

Health: -3/41      AC:  5    Str: 10    XL:     5   Next: 67%
Magic:  7/9        EV: 11    Int: 15    God:
Gold:   125        SH:  0    Dex: 13    Spells: 4/10 levels left

rFire    . . .     SeeInvis .   a - +1 dagger (vamp)
rCold    . . .     Faith    .   (no shield)
rNeg     . . .     Spirit   .   j - +0 ring mail
rPois    .         Reflect  .   (no helmet)
rElec    .         Harm     .   (no cloak)
rCorr    .         Rampage  .   (no gloves)
Will     .....                  (no boots)
Stlth    +.........             (no amulet)
HPRegen  0.13/turn              (no ring)
MPRegen  0.11/turn              (no ring)

@: mighty, lethally poisoned (-3 -> -27), slow
A: amphibious, slowness 1, strong legs 1, +LOS
a: Hop


You were on level 4 of the Dungeon.
You visited 1 branch of the dungeon, and saw 4 of its levels.

You collected 125 gold pieces.

Inventory:

Hand Weapons
 a - a +1 vampiric dagger (weapon)
 e - a +0 spear
 g - a +0 trident
Missiles
 d - 31 poisoned darts (quivered)
Armour
 j - a +0 ring mail (worn)
Wands
 b - a wand of polymorph (6)
Scrolls
 h - a scroll of amnesia
Potions
 f - 2 potions of haste


   Skills:
 + Level 3.0 Fighting
 + Level 3.1 Dodging
 + Level 2.6 Stealth
 - Level 3.0 Spellcasting
 - Level 6.0 Summonings


You had 4 spell levels left.
You knew the following spells:

 Your Spells              Type           Power      Damage    Failure   Level
a - Summon Small Mammal   Summ           80%        N/A       4%          1
b - Call Imp              Summ           20%        N/A       7%          2
c - Call Canine Familiar  Summ           20%        N/A       13%         3

Your spell library contained the following spells:

 Spells                   Type           Power      Damage    Failure   Level
 Summon Guardian Golem    Hex/Summ       11%        N/A       41%         3
 Summon Ice Beast         Ice/Summ       11%        N/A       83%         4
 Summon Lightning Spire   Summ/Air       11%        N/A       83%         4


Dungeon Overview and Level Annotations

Branches:
Dungeon (4/15)
 Temple: D:4-7

Altars:

Annotations:
D:2 Sigmund


Innate Abilities, Weirdness & Mutations

You are amphibious.
You cover ground slowly.
You can hop short distances.
You have an extended range of vision and can be seen from far away.


Message History

Your white imp freezes the water moccasin.
The water moccasin seems to slow down.
You hit the water moccasin but do no damage.
The water moccasin is severely wounded.
You feel sick.
Your hound barely misses the water moccasin.
The water moccasin closely misses you. Something barely misses your white imp.
Your hound barely misses the water moccasin.
Your white imp hits the water moccasin but does no damage.
You hit the water moccasin.
You feel better.
The water moccasin is severely wounded.
You feel sick.
Something bites your white imp but does no damage.
Your hound barely misses the water moccasin.
The water moccasin bites you.
You are lethally poisoned!
The water moccasin poisons you! Something bites your white imp.
Your white imp dies!
Unknown command.
Your ring mail prevents you from hitting the water moccasin.
The water moccasin is severely wounded.
* * * LOW HITPOINT WARNING * * *
You feel very sick.
Your hound misses the water moccasin. The water moccasin bites you.
* * * LOW HITPOINT WARNING * * *
Your hound closely misses the water moccasin.
Unknown command.
It was a potion of might.
You feel very mighty all of a sudden.
* * * LOW HITPOINT WARNING * * *
You feel very sick.
Your hound barely misses the water moccasin.
The water moccasin bites you.
* * * LOW HITPOINT WARNING * * *
You are more poisoned.
The water moccasin poisons you!
Unknown command.
You hit the water moccasin.
You feel better.
The water moccasin is almost dead.
You die...

#.
##...###..##...#
#.
#.....)...##...# #
#.....†...##...##
##.####)..##....#
#.####)..##....#
..........#....#
#...........#....#
+...........#....#
##..##.....##@h#.#
#..##.....##S####
...'......h##
...#......##
..##.....## ..
#....## #....##
#.>... #......


You could see a water moccasin (slow, ally target), a hound and a friendly hound
(summoned).

Vanquished Creatures
  An orc wizard (D:4)
  An adder (D:3)
  A dart slug (D:1)
  5 orcs
  2 endoplasms (D:3)
  3 giant cockroaches (D:1)
  3 goblins
  3 hobgoblins (D:2)
  7 jackals
  A quokka (D:2)
  5 ball pythons
  3 bats (D:3)
  4 frilled lizards
  3 kobolds
  3 rats
45 creatures vanquished.

Vanquished Creatures (collateral kills)
  A scorpion (D:3)
  An iguana (D:4)
  An orc wizard (D:3)
  3 adders
  5 orcs
  3 endoplasms
  A giant cockroach (D:3)
  2 hobgoblins
  8 jackals
  3 quokkas
  3 ball pythons
  2 goblins
  3 kobolds
  A rat (D:3)
37 creatures vanquished.

Grand Total: 82 creatures vanquished

Notes
Turn   | Place    | Note
-------+----------+-------------------------------------------
     0 | D:1      | tilp the Barachi Summoner began the quest for the Orb.
     0 | D:1      | Reached XP level 1. HP: 13/13 MP: 3/3
   209 | D:1      | Reached skill level 1 in Fighting
   279 | D:1      | Reached XP level 2. HP: 17/22 MP: 5/5
   636 | D:1      | Reached skill level 5 in Summonings
  1174 | D:1      | Reached XP level 3. HP: 27/27 MP: 6/6
  1300 | D:1      | Learned a level 2 spell: Call Imp
  1304 | D:1      | Learned a level 3 spell: Call Canine Familiar
  1921 | D:2      | Noticed Sigmund
  2545 | D:3      | Reached XP level 4. HP: 17/33 MP: 3/8
  3044 | D:3      | Reached skill level 6 in Summonings
  3696 | D:3      | Noticed a scorpion
  3703 | D:3      | Killed a scorpion
  3704 | D:3      | Reached XP level 5. HP: 16/39 MP: 4/9
  5068 | D:4      | Noticed a water moccasin
  5085 | D:4      | HP: 1/41 [water moccasin (2)]
  5086 | D:4      | Succumbed to a water moccasin's poison

Illustrated notes

Levels and vault maps discovered:
D:1:      dpeg_arrival_short_road, layout_basic
D:2:      minmay_evil_eye, layout_rooms, minmay_misc_feat_secret_circle,
          uniq_sigmund
D:3:      layout_basic, interstate_on_off, minmay_crystal_water
D:4:      layout_gridville, kennysheep_little_box, grunt_temple_overflow_diamond

Skill      XL: |  1  2  3  4  5 |
---------------+----------------+-----
Fighting       | 1 2 3 |  3.0
Summonings     | 5 6 |  6.0
Spellcasting   | 3 |  3.0
Stealth        | 2 |  2.6
Dodging        | 3 |  3.1

Action                   |  1- 3 |  4- 6 || total
-------------------------+-------+-------++-------
Melee: Dagger            |   180 |   107 ||   287
 Cast: Summon Small Mamm |    23 |     1 ||    24
       Call Imp          |    21 |    18 ||    39
       Call Canine Famil |       |     5 ||     5
 Abil: Hop               |     1 |       ||     1
  Use: Scroll            |     2 |     2 ||     4
       Potion            |       |     1 ||     1
 Stab: Sleeping          |     3 |     3 ||     6
       Distracted        |     1 |       ||     1
Armor: Robe              |    28 |       ||    28
       Leather armour    |     1 |    21 ||    22
       Ring mail         |       |     5 ||     5
Dodge: Dodged            |   118 |    76 ||   194

Table legend: (Time is in decaauts)
 A = Elapsed time spent in this place.
 B = Non-inter-level travel time spent in this place.
 C = Inter-level travel time spent in this place.
 D = Time resting spent in this place.
 E = Time spent auto-exploring this place.
 F = Levels seen in this place.
 G = Mean time per level.
                   A        B        C        D        E       F      G
               +--------+--------+--------+--------+--------+-----+--------+
         Total |   5443 |   5189 |    254 |   1575 |   2825 |   4 | 1360.8 |
       Dungeon |   5443 |   5189 |    254 |   1575 |   2825 |   4 | 1360.8 |
               +--------+--------+--------+--------+--------+-----+--------+

Top non-repeatable levels by time:
     D:3: 2356 daAuts
     D:1: 1494 daAuts
     D:2: 1238 daAuts
     D:4: 354 daAuts
